 Dungeon Crawl Stone Soup version 0.22.0-27-ga576289 (webtiles) character file.

176724 kuniqs the Summoner (level 16, -36/70 HPs)
             Began as a Felid Ice Elementalist on Aug 21, 2018.
             Was a High Priest of Kikubaaqudgha.
             Killed by the air
             ... invoked by Sojobo
              (47 damage)
             ... on level 2 of the Vaults.
             The game lasted 02:36:06 (54606 turns).

kuniqs the Summoner (Felid Ice Elementalist)       Turns: 54606, Time: 02:36:06

Health: -36/70     AC:  3    Str:  4    XL:     16   Next: 94%
Magic:  6/40       EV: 31    Int: 26    God:    Kikubaaqudgha [*****.]
Gold:   1511       SH:  0    Dex: 19    Spells: 4/35 levels left
                                        Lives:  0   Deaths: 5

rFire    . . .     SeeInvis +     - Unarmed
rCold    + . .     Gourm    .   (shield unavailable)
rNeg     . . .     Faith    .   (armour unavailable)
rPois    .         Spirit   .   (helmet unavailable)
rElec    .         Reflect  .   (cloak unavailable)
rCorr    .         Harm     .   (gloves unavailable)
MR       +++..                  (boots unavailable)
Stlth    ++++++....             I - amulet of regeneration
HPRegen  0.61/turn              U - ring "Aracem" {Ice +Fly MR+ MP+9 Int+4}
MPRegen  0.27/turn              g - ring of fire

@: flying (expiring), quick
A: very small, no armour, no weapons or thrown items, stealth, claws 1, fangs 3,
see invisible, carnivore, speed 1, shaggy fur 3, slow metabolism 1, sharp paws
}: 2/15 runes: serpentine, barnacled
a: Receive Corpses, Torment, Renounce Religion


You were on level 2 of the Vaults.
You worshipped Kikubaaqudgha.
Kikubaaqudgha was extremely pleased with you.
You were not hungry.

You visited 7 branches of the dungeon, and saw 34 of its levels.
You also visited: Labyrinth.

You collected 3348 gold pieces.
You spent 1837 gold pieces at shops.

Inventory:

Jewellery
 g - a ring of fire (right paw)
 I - an amulet of regeneration (around neck)
 U - the ring "Aracem" (left paw) {Ice +Fly MR+ MP+9 Int+4}
   (You found it on level 2 of the Shoals)

   [ring of ice]

   It enhances your ice magic.
   It affects your intelligence (+4).
   It makes you vulnerable to fire.
   It protects you from cold.
   It affects your resistance to hostile enchantments.
   It affects your magic capacity (+9).
   It lets you fly.
 W - an uncursed ring of poison resistance
Wands
 h - a wand of digging (15)
 l - a wand of enslavement (13)
 A - a wand of random effects (40)
 C - a wand of clouds (1)
 D - a wand of paralysis (4)
 E - a wand of acid (71)
 F - a wand of scattershot (6)
 J - a wand of iceblast (12)
 L - a wand of disintegration (19)
 N - a wand of flame (20)
 O - a wand of polymorph (22)
Scrolls
 c - a scroll of immolation
 d - a scroll of silence
 f - 16 scrolls of teleportation
 j - 20 scrolls of remove curse {@r2}
 o - 6 scrolls of blinking
 r - a scroll of amnesia
 w - a scroll of holy word
 z - 5 scrolls of magic mapping
 G - 3 scrolls of fear
 H - a scroll of summoning
 Q - 3 scrolls of fog
 R - 11 scrolls of identify {@r1}
 S - a scroll of vulnerability
Potions
 a - 5 potions of mutation
 e - 5 potions of flight
 i - a potion of ambrosia
 k - a potion of cancellation
 n - 4 potions of haste
 p - a potion of invisibility
 q - a potion of agility
 s - 4 potions of curing {@q1}
 t - 5 potions of lignification
 u - a potion of magic
 v - 4 potions of resistance
 x - a potion of brilliance
 B - 4 potions of might
Miscellaneous
 y - a sack of spiders
 K - a fan of gales
 P - 3 boxes of beasts
 T - a lamp of fire
 V - a phial of floods
Comestibles
 b - 43 rations


   Skills:
 - Level 8.0 Fighting
 - Level 14.0 Dodging
 - Level 14.0 Stealth
 - Level 8.0 Unarmed Combat
 - Level 10.0 Spellcasting
 - Level 4.0 Conjurations
 - Level 4.0 Charms
 + Level 14.6 Summonings
 - Level 14.0 Necromancy
 - Level 8.0 Ice Magic
 - Level 14.0 Earth Magic
 - Level 6.0 Evocations


You had 4 spell levels left.
You knew the following spells:

 Your Spells              Type           Power        Failure   Level  Hunger
b - Throw Frost           Conj/Ice       ######       1%          2    None
c - Ozocubu's Armour      Chrm/Ice       ######..     1%          3    None
d - Summon Ice Beast      Ice/Summ       #######.     1%          4    None
f - Vampiric Draining     Necr           ######....   1%          3    None
g - Borgnjor's Vile Clut  Necr/Erth      ######....   1%          5    ####...
h - Animate Dead          Necr           N/A          1%          4    None
j - Dispel Undead         Necr           ######..     1%          5    ####...
k - Lee's Rapid Deconstr  Erth           ######....   1%          5    ####...

Your spell library contained the following spells:

 Spells                   Type           Power        Failure   Level  Hunger
 Pain                     Necr           ####         0%          1    None
 Summon Small Mammal      Summ           ####         0%          1    None
 Call Imp                 Summ           ######..     0%          2    None
 Flame Tongue             Conj/Fire      #####        1%          1    None
 Freeze                   Ice            ####         1%          1    None
 Magic Dart               Conj           ####         1%          1    None
 Corpse Rot               Necr           N/A          1%          2    None
 Passwall                 Tmut/Erth      #####...     1%          2    None
 Sublimation of Blood     Necr           ######....   1%          2    None
 Call Canine Familiar     Summ           ######..     1%          3    None
 Summon Guardian Golem    Hex/Summ       ######..     1%          3    None
 Summon Lightning Spire   Summ/Air       ######..     2%          4    None
 Shroud of Golubria       Chrm/Tloc      ###.......   3%          2    None
 Swiftness                Chrm/Air       ###.....     3%          2    None
 Throw Icicle             Conj/Ice       ######..     3%          4    None
 Conjure Flame            Conj/Fire      #####...     6%          3    None
 Blink                    Tloc           N/A          7%          2    None
 Slow                     Hex            ##......     7%          2    None
 Mephitic Cloud           Conj/Pois/Air  ###.....     8%          3    None
 Gell's Gravitas          Tloc           ##........   14%         3    None
 Inner Flame              Hex/Fire       ###.....     14%         3    None
 Lesser Beckoning         Tloc           ##........   14%         3    None
 Teleport Other           Tloc           ##......     14%         3    None
 Olgreb's Toxic Radiance  Pois           ##......     41%         4    None
 Passage of Golubria      Tloc           N/A          41%         4    None
 Bolt of Draining         Conj/Necr      ######....   3%          5    ####...
 Simulacrum               Ice/Necr       #######...   8%          6    #####..
 Haunt                    Necr/Summ      ######....   11%         7    #######
 Fireball                 Conj/Fire      #####.....   50%         5    ####...
 Borgnjor's Revivificati  Necr           ######....   67%         8    #######
 Infestation              Necr           ######....   67%         8    #######
 Bolt of Fire             Conj/Fire      #####.....   97%         6    #####..
 Darkness                 Hex            ##........   100%        6    #####..
 Invisibility             Hex            ##......     100%        6    #####..
 Death's Door             Chrm/Necr      ######....   100%        8    #######
 Necromutation            Tmut/Necr      #####.....   100%        8    #######


Dungeon Overview and Level Annotations

Branches:
Dungeon (15/15)            Temple (1/1) D:5            Lair (6/6) D:8
 Shoals (4/4) Lair:2        Snake (4/4) Lair:4        Slime (0/5) Lair:5
    Orc (2/2) D:10            Elf (0/3) Orc:2        Vaults (2/5) D:13
 Depths (0/5) D:15
  Crypt: Vaults:2-3

Altars:
Ashenzari
Cheibriados
Dithmenos
Elyvilon
Fedhas
Gozag
Hepliaklqana
Kikubaaqudgha
Makhleb
Nemelex Xobeh
Okawaru
Qazlal
Ru
Sif Muna
Trog
Uskayaw
Vehumet
Wu Jian
Xom
Yredelemnul
Zin
The Shining One
Beogh

Shops:
D:4 ![   D:10 *   D:14 ?   Orc:2 (*[?   Shoals:1 *   Shoals:2 *   Shoals:3 *
Snake:1 }(

Annotations:
Lair:2 1 exclusion
Vaults:2 Sojobo


Innate Abilities, Weirdness & Mutations

You cannot wear armour.
You are incapable of wielding weapons or throwing items.
Your paws allow you to move quietly. (Stealth)
You have sharp claws.
You have razor-sharp teeth.
You have supernaturally acute eyesight. (SInv)
You are carnivorous and can eat meat at any time.
You cover ground quickly.
Your thick and shaggy fur keeps you warm. (AC +3, rC+)
You have a slow metabolism.
Your sharp claws are effective at attacking unaware monsters.


Message History

Tha bolt o' lightnin' hits tha air elemn'tal.
Tha air elemn'tal completely resists.
Tha bolt o' lightnin' hits ye!
Tha bolt o' lightnin' misses ye.
Fragmn't what (e.g. wall or brittle monster)?: Sojobo, wieldin' a triple sword o' electrocution an' wearin' a glowin' rin' mail (heavily wounded, deflectin' missiles, constricted by zombie hands)
An op'n door.
Tha door shatters!
Tha blast o' rock fragmn'ts hits Sojobo.
Tha zombie hands constrict Sojobo!
Tha vortex o' ragin' winds lifts ye up.
Ye fly up inta tha air.
* * * LOW HITPOINT WARNIN'
* * * Tha zombie hands lose thar grip on somethin'.
* * * LOW HITPOINT WARNIN'
* * * Tha air elemn'tal hits ye.
* * * LOW HITPOINT WARNIN'
* * * Tha air elemn'tal completely misses ye.
Sojobo waves her feathard arms in wide circles.
Tha air twists around an' violently strikes ye in flight!
Ouch! Tha re'lly hurt!
Ye die...
Kikubaaqudgha rasps: "Ye haf failed me!
Welcome... death!"

#.....[.).....##.#
#######'########.## #........#
#..## #....)...# #.(.#
##########...)((..#######(####
.#.......#.....(..#.##.##)##.#
.'.......#..((....#..........#
.#..≈≈≈..#....§.§.#)(.((....†#
.#..≈≈≈..#......@§§(.........#
.#..≈≈≈..'(..)§§EE#.##.##.##.#
.#.......#...§§§§§############
.#.......#####Q#################
########## #.)EQ...'...........#
#.......#...........#
#.......#..###.###..#
#......)#.>#.....#..# ########
#...>...#..#.)...#..#


You could see Sojobo and 3 air elementals.

Vanquished Creatures
  Vashnia (Snake:3)
  A kraken (Shoals:4)
  A sphinx (Vaults:2)
  3 nagarajas
  Ilsuiw (Shoals:3)
  3 vault wardens
  Louise (D:15)
  2 stone giants (Vaults:2)
  Nessos (D:15)
  A minotaur (Lab)
  2 merfolk javelineers (Shoals:4)
  3 fire dragons
  6 merfolk impalers
  A great orb of eyes (Vaults:2)
  The ghost of Enish the Protected, a journeyman VSAK of Lugonu (Snake:2)
  3 ogre magi (D:15)
  8 naga warriors
  3 yaktaur captains
  A hydra (Lair:5)
  A rakshasa (Vaults:1)
  An ice dragon (Vaults:1)
  An alligator snapping turtle (Shoals:3)
  Erica (D:8)
  2 centaur warriors
  2 anacondas
  A death knight (Vaults:2)
  5 satyrs
  A dancing weapon (D:13)
  2 merfolk avatars (Shoals:4)
  7 merfolk aquamancers (Shoals:4)
  14 two-headed ogres
  2 tengu warriors (D:15)
  5 orc high priests (Orc:2)
  3 shock serpents
  7 naga sharpshooters
  2 skeletal warriors (Vaults:2)
  A shadow wraith (Vaults:2)
  A deep troll (Vaults:1)
  5 unseen horrors
  A salamander mystic (Snake:4)
  3 wizards
  An entropy weaver zombie (Vaults:2)
  Pikel (D:4)
  4 sea snakes
  A deep elf archer (Vaults:1)
  A necromancer (Vaults:2)
  15 orc knights
  A naga ritualist (Snake:4)
  An orb spider (shapeshifter) (Vaults:1)
  3 mana vipers
  9 harpies
  4 ironbrand convokers
  3 orc sorcerers
  2 salamanders (Snake:4)
  5 ugly things
  15 fauns
  A deep elf mage (D:14)
  2 centaur zombies
  4 cyclopes
  An elephant (Lair:6)
  2 water nymphs
  4 guardian serpents
  8 merfolk sirens
  5 manticores
  10 black mambas
  4 vault sentinels
  12 naga magi
  2 spiny frogs
  2 minotaur zombies (Lab)
  6 gargoyles
  3 komodo dragons
  8 yaktaurs
  A rime drake (Lair:4)
  16 merfolk
  10 trolls
  5 wind drakes
  A wolf spider simulacrum (D:15)
  3 blink frogs
  11 slime creatures
  A hornet (D:12)
  4 hippogriffs
  A snapping turtle (Shoals:4)
  2 wyverns
  7 water elementals
  3 wraiths
  10 yaks
  A hog (D:14)
  2 hungry ghosts
  5 vampire mosquitoes
  A steam dragon (D:11)
  A warg (D:10)
  An acid dragon (D:12)
  33 nagas
  6 water moccasins
  An ice beast (D:15)
  4 porcupines
  3 black bears
  A slave (D:4)
  An orc zombie (Vaults:2)
  28 orc warriors
  7 sky beasts
  2 eyes of draining
  22 ogres
  A phantom (D:7)
  15 centaurs
  15 wolves
  3 boggarts (Vaults:2)
  3 crocodiles
  A big kobold (D:8)
  11 bullfrogs
  A human zombie (Vaults:2)
  A human skeleton (Vaults:2)
  Dowan (D:4)
  A wyvern skeleton (D:6)
  4 scorpions
  A human simulacrum (Vaults:2)
  A killer bee (D:9)
  A wight (D:11)
  4 electric eels
  2 jellies
  4 howler monkeys
  3 crimson imps
  2 centaur skeletons
  A yaktaur simulacrum (Vaults:1)
  2 bullfrog skeletons (D:5)
  41 orc priests
  6 hounds
  22 orc wizards
  3 iguanas
  Natasha (thrice) (D:2)
  8 worker ants
  A hound skeleton (D:4)
  12 adders
  3 shadow imps
  An ooze (D:1)
  An adder zombie (D:10)
  2 worms (D:2)
  4 leopard geckos
  91 orcs
  6 giant cockroaches
  11 goblins
  5 hobgoblins
  6 jackals
  A quokka (D:4)
  9 bats
  4 frilled lizards
  10 kobolds
  2 leopard gecko skeletons
  A quokka zombie (D:6)
  5 rats
  19 plants
  3 tentacles (Shoals:4)
803 creatures vanquished.

Vanquished Creatures (collateral kills)
  Kirke (D:14)
  8 nagarajas
  A vault warden (Vaults:1)
  3 ironheart preservers
  2 stone giants (Vaults:2)
  2 yaktaur captains (Vaults:1)
  2 vault guards (Vaults:1)
  16 naga warriors
  7 hydras
  2 merfolk avatars
  An alligator snapping turtle (Shoals:3)
  An anaconda (Snake:4)
  An ogre mage (Vaults:1)
  A tengu warrior (D:15)
  2 centaur warriors (D:14)
  5 merfolk aquamancers
  5 two-headed ogres
  A deep troll earth mage (Vaults:1)
  6 naga sharpshooters
  Urug (Lair:3)
  A shock serpent (Snake:2)
  8 sea snakes
  The ghost of Nilihum the Slinger, a novice HaHu of Okawaru (D:7)
  2 deep trolls (Vaults:1)
  3 orc knights (Vaults:1)
  3 harpies
  3 naga ritualists (Snake:4)
  7 ugly things (D:14)
  A deep elf mage (D:15)
  2 mana vipers (Snake:2)
  4 salamanders
  3 manticores
  10 elephants
  8 black mambas
  3 guardian serpents (Snake:4)
  3 naga magi
  A vault sentinel (Vaults:1)
  A spiny frog (shapeshifter) (Vaults:2)
  A gargoyle (D:12)
  2 spiny frogs (Lair:6)
  A centaur skeleton (D:15)
  6 rime drakes (Lair:4)
  4 freezing wraiths
  2 yaktaurs
  5 komodo dragons
  7 trolls
  3 hornets (Lair:6)
  A wind drake (Shoals:4)
  3 polar bears
  9 merfolk
  13 slime creatures
  12 blink frogs
  3 snapping turtles
  A meliai zombie (D:12)
  9 hippogriffs
  3 dream sheep (Shoals:4)
  21 yaks
  A wraith (D:14)
  4 water elementals
  5 wyverns
  3 basilisks
  5 hogs (D:14)
  3 hungry ghosts
  A yaktaur simulacrum (Vaults:1)
  5 vampire mosquitoes (D:14)
  A warg (Orc:2)
  2 acid dragons
  30 nagas
  7 water moccasins
  Duvessa (D:4)
  13 orc warriors
  3 porcupines
  A sky beast (D:10)
  A black bear (D:9)
  3 phantoms
  An ogre (D:12)
  An eye of draining (D:8)
  3 necrophages
  17 wolves
  5 crocodiles
  A centaur (D:9)
  3 bullfrogs
  A big kobold (D:12)
  4 scorpions
  4 killer bees (D:9)
  4 wights (D:11)
  A crimson imp (D:12)
  8 orc priests
  4 orc wizards
  7 jellies
  3 iguanas
  3 worker ants
  A killer bee zombie (D:7)
  An adder (D:11)
  2 oozes (Lair:5)
  24 orcs
  4 kobolds (D:12)
  A bat (D:8)
  2 fungi
  7 plants
  A tentacle (Shoals:4)
440 creatures vanquished.

Vanquished Creatures (others)
  A dancing weapon (D:13)
  A merfolk aquamancer (Shoals:4)
  5 dream sheep (D:3)
  15 fungi
  71 plants
  29 tentacles (Shoals:4)
122 creatures vanquished.

Grand Total: 1365 creatures vanquished

Notes
Turn   | Place    | Note
-------+----------+-------------------------------------------
     0 | D:1      | kuniqs the Felid Ice Elementalist began the quest for the Orb.
     0 | D:1      | Reached XP level 1. HP: 7/7 MP: 4/4
   196 | D:1      | Reached XP level 2. HP: 2/11 MP: 0/6
   488 | D:1      | Learned a level 2 spell: Throw Frost
  1259 | D:2      | Reached XP level 3. HP: 10/14 MP: 2/7
  1358 | D:2      | Noticed Natasha
  1365 | D:2      | Killed Natasha
  1506 | D:2      | Noticed Natasha
  1518 | D:2      | Killed Natasha
  1518 | D:2      | Reached XP level 4. HP: 10/18 MP: 3/8
  1551 | D:2      | Noticed Natasha
  1649 | D:2      | Killed Natasha
  1649 | D:2      | Reached skill level 1 in Fighting
  1758 | D:2      | Learned a level 3 spell: Ozocubu's Armour
  2104 | D:2      | Found a faded altar of an unknown god.
  2804 | D:3      | Reached XP level 5. HP: 13/22 MP: 5/10
  3717 | D:3      | Found an ornate altar of the Wu Jian Council.
  3740 | D:3      | Found a radiant altar of Vehumet.
  3775 | D:3      | Noticed a dream sheep
  3775 | D:3      | Noticed a dream sheep
  3775 | D:3      | Noticed a dream sheep
  3775 | D:3      | Noticed a dream sheep
  3775 | D:3      | Noticed a dream sheep
  3775 | D:3      | Found a shimmering altar of Xom.
  3780 | D:3      | Killed a dream sheep
  3780 | D:3      | Killed a dream sheep
  3780 | D:3      | Killed a dream sheep
  3780 | D:3      | Killed a dream sheep
  3780 | D:3      | Killed a dream sheep
  3971 | D:4      | Found Heykar's Antique Armour Shop.
  3991 | D:4      | HP: 1/22 [orc priest/divine providence (10)]
  4281 | D:4      | Gained mutation: You are covered in thick fur. (AC +2) [Felid growth]
  4281 | D:4      | Reached XP level 6. HP: 26/26 MP: 8/11
  4463 | D:4      | Reached skill level 5 in Stealth
  4623 | D:4      | Found Veeneh's Distillery.
  4626 | D:4      | Bought a potion of curing for 33 gold pieces
  4651 | D:4      | Noticed Dowan
  5007 | D:3      | Reached skill level 1 in Unarmed Combat
  5421 | D:4      | Reached XP level 7. HP: 27/30 MP: 6/13
  5566 | D:4      | Noticed Duvessa
  5580 | D:5      | Entered Level 5 of the Dungeon
  5580 | D:5      | Noticed Pikel
  5670 | D:4      | Reached skill level 5 in Ice Magic
  5753 | D:5      | Found a staircase to the Ecumenical Temple.
  5762 | Temple   | Entered the Ecumenical Temple
  6063 | D:5      | Found a snail-covered altar of Cheibriados.
  6063 | D:5      | Found a hide-covered altar of Uskayaw.
  6064 | D:5      | Found a hazy altar of Hepliaklqana.
  6383 | D:5      | Reached skill level 5 in Dodging
  6535 | D:5      | Reached XP level 8. HP: 17/34 MP: 7/14
  6974 | D:4      | Killed Pikel
  7247 | D:5      | Found a glowing silver altar of Zin.
  7253 | D:5      | Found a shadowy altar of Dithmenos.
  7872 | D:6      | Learned a level 4 spell: Summon Ice Beast
  8183 | D:6      | You fall through a shaft for 3 floors!
  8273 | D:8      | Noticed Erica
  8281 | D:8      | Reached XP level 9. HP: 17/39 MP: 10/16
  8461 | D:8      | Reached skill level 1 in Summonings
  8566 | D:8      | Noticed a two-headed ogre
  8586 | D:8      | Slain by a two-headed ogre
  8586 | D:8      | Killed a two-headed ogre
  8587 | D:8      | Reached XP level 8. HP: -2/36 MP: 0/16
  8634 | D:8      | Found a sacrificial altar of Ru.
  8642 | D:8      | Identified Nehoepp's Volume of Venomous Heat
  8754 | D:7      | Reached skill level 5 in Spellcasting
  9195 | D:8      | Found a sacrificial altar of Ru.
  9316 | D:8      | Found a burning altar of Makhleb.
  9348 | D:8      | Reached XP level 9. HP: 38/38 MP: 3/17
  9472 | D:8      | Found a staircase to the Lair.
  9491 | D:6      | Found a shattered altar of Ashenzari.
  9594 | D:6      | Got a vibrating golden ring
  9595 | D:6      | Identified the ring of the Tempest {*Tele MR+ Slay+2} (You found it on level 6 of the Dungeon)
 10499 | D:6      | Found a bloodstained altar of Trog.
 10499 | D:6      | Found a basalt altar of Yredelemnul.
 12096 | D:7      | Shot with an arrow by a centaur
 12097 | D:7      | Reached XP level 8. HP: -1/36 MP: 2/17
 12194 | D:7      | Reached XP level 9. HP: 39/39 MP: 4/18
 12400 | D:7      | Found a runed door.
 12404 | D:7      | Noticed Nilihum's ghost (novice HaHu)
 12417 | D:7      | Killed Nilihum's ghost
 12596 | D:8      | Noticed a troll
 12601 | D:8      | Killed a troll
 12641 | D:8      | Noticed a two-headed ogre
 12650 | D:8      | Found a bloodstained altar of Trog.
 12668 | D:8      | Killed a two-headed ogre
 12668 | D:8      | Reached skill level 10 in Stealth
 12780 | D:8      | Found a shimmering altar of Xom.
 13630 | D:9      | Noticed a two-headed ogre
 13642 | D:9      | Killed a two-headed ogre
 13642 | D:9      | Reached skill level 1 in Evocations
 13976 | D:9      | Noticed a merfolk
 13985 | D:9      | Killed a merfolk
 13985 | D:9      | Reached XP level 10. HP: 42/42 MP: 13/21
 14052 | D:10     | Entered Level 10 of the Dungeon
 14083 | D:10     | Found a staircase to the Orcish Mines.
 14097 | D:10     | Noticed a two-headed ogre
 14121 | D:10     | Killed a two-headed ogre
 14121 | D:10     | Reached skill level 10 in Dodging
 14271 | D:10     | Found a deep blue altar of Sif Muna.
 14633 | D:10     | Found Xonweschuwn's Serpentskin Sales.
 15402 | D:11     | Reached skill level 5 in Evocations
 15611 | D:11     | Noticed an unseen horror
 16627 | D:11     | Noticed a two-headed ogre
 16629 | D:11     | Noticed an eight-headed hydra
 16654 | D:11     | Killed a two-headed ogre
 16654 | D:11     | Reached XP level 11. HP: 46/46 MP: 3/24
 16658 | D:11     | Killed an eight-headed hydra
 17038 | D:11     | Killed an unseen horror
 17617 | D:4      | Found an ancient bone altar of Kikubaaqudgha.
 17622 | D:4      | Killed Dowan
 17632 | D:4      | Killed Duvessa
 17639 | D:4      | Became a worshipper of Kikubaaqudgha
 17713 | Lair:1   | Entered Level 1 of the Lair of Beasts
 17762 | Lair:1   | Reached skill level 5 in Fighting
 17762 | Lair:1   | Reached skill level 5 in Unarmed Combat
 17774 | Lair:1   | Reached skill level 1 in Necromancy
 18643 | Lair:2   | Noticed an ice dragon
 18961 | Lair:2   | Found a staircase to the Shoals.
 19371 | Lair:3   | Reached * piety under Kikubaaqudgha
 19371 | Lair:3   | Identified Kikubaaqudgha's Compendium of Dark Rites (Kikubaaqudgha gifted it to you on level 3 of the Lair of Beasts)
 19371 | Lair:3   | Received a gift from Kikubaaqudgha
 19373 | Lair:3   | Noticed a six-headed hydra
 19599 | Lair:3   | Learned a level 1 spell: Flame Tongue
 19761 | Lair:3   | Reached skill level 1 in Conjurations
 19882 | Lair:3   | Learned a level 3 spell: Vampiric Draining
 19991 | Lair:3   | Killed a six-headed hydra
 20146 | Lair:3   | Noticed Urug
 20182 | Lair:3   | Killed Urug
 20182 | Lair:3   | Reached skill level 1 in Charms
 21070 | Lair:4   | Found a staircase to the Snake Pit.
 21512 | Lair:4   | Gained mutation: Your thick and shaggy fur keeps you warm. (AC +3, rC+) [Felid growth]
 21512 | Lair:4   | Reached XP level 12. HP: 52/52 MP: 17/26
 22125 | Lair:5   | Noticed a four-headed hydra
 22135 | Lair:5   | Killed a four-headed hydra
 22253 | Lair:5   | Reached ** piety under Kikubaaqudgha
 22447 | Lair:5   | Noticed a seven-headed hydra
 22458 | Lair:5   | Killed a seven-headed hydra
 22718 | Lair:5   | Found a staircase to the Slime Pits.
 23205 | Lair:6   | Entered Level 6 of the Lair of Beasts
 24416 | Lair:6   | Reached *** piety under Kikubaaqudgha
 24416 | Lair:6   | Identified Kikubaaqudgha's Almanac of Necromancy (Kikubaaqudgha gifted it to you on level 6 of the Lair of Beasts)
 24416 | Lair:6   | Received a gift from Kikubaaqudgha
 24427 | Lair:6   | Learned a level 5 spell: Borgnjor's Vile Clutch
 24613 | Lair:6   | Noticed a merfolk avatar
 24658 | Lair:6   | Killed a merfolk avatar
 26062 | Lair:6   | Noticed a five-headed hydra
 26071 | Lair:6   | Killed a five-headed hydra
 26071 | Lair:6   | Reached skill level 1 in Earth Magic
 26265 | Lair:6   | Noticed a six-headed hydra
 26276 | Lair:6   | Killed a six-headed hydra
 26276 | Lair:6   | Reached XP level 13. HP: 57/57 MP: 8/27
 26802 | D:8      | Killed Erica
 26999 | D:12     | Reached **** piety under Kikubaaqudgha
 27467 | D:12     | Reached skill level 10 in Spellcasting
 27551 | D:12     | Learned a level 4 spell: Animate Dead
 28131 | D:13     | Found a gate to the Vaults.
 29313 | D:14     | Reached ***** piety under Kikubaaqudgha
 30328 | D:14     | Reached skill level 5 in Necromancy
 30755 | D:14     | Noticed Kirke
 30793 | D:14     | Killed Kirke
 30878 | D:14     | Found Apaarch's Magic Scroll Emporium.
 30957 | D:15     | Entered Level 15 of the Dungeon
 31180 | D:15     | Noticed Louise
 31187 | D:15     | Reached XP level 14. HP: 63/63 MP: 19/29
 31203 | D:15     | Killed Louise
 31551 | D:15     | Reached skill level 5 in Earth Magic
 32286 | D:15     | Learned a level 3 spell: Call Canine Familiar
 32293 | D:15     | Learned a level 5 spell: Dispel Undead
 32295 | D:15     | Noticed Nessos
 32303 | D:15     | Reached ****** piety under Kikubaaqudgha
 32314 | D:15     | Killed Nessos
 32890 | D:15     | Found a staircase to the Depths.
 33335 | Orc:1    | Entered Level 1 of the Orcish Mines
 33836 | Orc:2    | Entered Level 2 of the Orcish Mines
 33936 | Orc:2    | Found a labyrinth entrance.
 33964 | Lab      | Entered a labyrinth
 34295 | Lab      | Got a sparkling wooden ring
 34297 | Lab      | Identified the ring "Bipit" {rPois rF- MR++ Dex+5} (You found it in a labyrinth)
 34488 | Orc:2    | Found a roughly hewn altar of Beogh.
 34825 | Orc:2    | Received a gift from Kikubaaqudgha
 36601 | Orc:2    | Found a roughly hewn altar of Beogh.
 36716 | Orc:2    | Reached XP level 15. HP: 66/66 MP: 9/30
 36892 | Orc:2    | Found a staircase to the Elven Halls.
 37102 | Orc:2    | Found Asuw's Magic Scroll Shoppe.
 37102 | Orc:2    | Found Megut's Antique Weapon Shoppe.
 37103 | Orc:2    | Found Xotsecva's Armour Shoppe.
 37103 | Orc:2    | Found Moj Soaf's General Store.
 37110 | Orc:2    | Bought a scroll of fog for 36 gold pieces
 37111 | Orc:2    | DON'T TROLL ME WITH THOSE ITEMS WHEN I'M FELID
 37113 | Orc:2    | Bought a wand of acid (6) for 340 gold pieces
 37118 | Orc:2    | Bought a scroll of teleportation for 54 gold pieces
 37118 | Orc:2    | Bought a scroll of teleportation for 54 gold pieces
 37118 | Orc:2    | Bought a scroll of teleportation for 54 gold pieces
 37118 | Orc:2    | Bought a scroll of teleportation for 54 gold pieces
 37118 | Orc:2    | Bought a scroll of teleportation for 54 gold pieces
 37118 | Orc:2    | Bought a scroll of teleportation for 54 gold pieces
 37118 | Orc:2    | Bought a scroll of identify for 36 gold pieces
 37118 | Orc:2    | Bought a scroll of identify for 36 gold pieces
 37123 | Orc:2    | Reached skill level 10 in Necromancy
 37123 | Orc:2    | Reached XP level 16. HP: 70/70 MP: 6/31
 37124 | Orc:2    | Reached XP level 17. HP: 73/73 MP: 7/32
 37167 | Orc:2    | Learned a level 5 spell: Lee's Rapid Deconstruction
 37434 | Snake:1  | Entered Level 1 of the Snake Pit
 37824 | Snake:1  | Reached skill level 10 in Earth Magic
 37840 | Snake:1  | Found Visiha's Antique Weapon Boutique.
 37840 | Snake:1  | Found Nuishuruori's Gadget Shop.
 37858 | Snake:1  | Bought a wand of scattershot (3) for 357 gold pieces
 37858 | Snake:1  | Bought a wand of iceblast (4) for 136 gold pieces
 37858 | Snake:1  | Bought a wand of acid (9) for 442 gold pieces
 38029 | Snake:1  | Mangled by a mana viper
 38030 | Snake:1  | Reached XP level 16. HP: -9/70 MP: 2/31
 38030 | Snake:1  | FUCK THIS RACE
 38500 | Snake:2  | Found a runed door.
 38507 | Snake:2  | Noticed Enish's ghost (journeyman VSAK)
 38513 | Snake:2  | Killed Enish's ghost
 40600 | Snake:3  | Noticed Vashnia
 40837 | Snake:3  | Killed Vashnia
 41232 | Snake:4  | Entered Level 4 of the Snake Pit
 42300 | Snake:4  | FFS
 42580 | Snake:4  | Reached XP level 17. HP: 58/73 MP: 10/32
 42806 | Snake:4  | FFS!
 42871 | Snake:4  | FUCK FELIDS
 43161 | Snake:4  | FUCK YOU
 43554 | Snake:4  | Got a serpentine rune of Zot
 43555 | Snake:4  | WELL THAT WAS EASY
 43757 | Shoals:1 | Entered Level 1 of the Shoals
 43815 | Shoals:1 | Found Pooxzok's General Store.
 44722 | Shoals:1 | OW
 45022 | Shoals:1 | SOME MERCY FFS
 45365 | Shoals:2 | 31EV YEP SURE
 45726 | Shoals:2 | HELP.JPG
 45953 | Shoals:2 | Found Qoemniz's General Store.
 45961 | Shoals:2 | Bought a scroll of blinking for 97 gold pieces
 45965 | Shoals:2 | Got a coiled tin ring
 45966 | Shoals:2 | Identified the ring "Aracem" {Ice +Fly MR+ MP+9 Int+4} (You found it on level 2 of the Shoals)
 46331 | Shoals:2 | Noticed a kraken
 46413 | Shoals:3 | Noticed Ilsuiw
 46631 | Shoals:3 | Reached skill level 5 in Summonings
 47073 | Shoals:3 | Killed Ilsuiw
 47612 | Shoals:3 | Found Kiwoaxep's Assorted Antiques.
 47812 | Shoals:4 | Entered Level 4 of the Shoals
 48424 | Shoals:4 | Noticed a kraken
 48702 | Shoals:4 | Killed a kraken
 48803 | Shoals:4 | Got a barnacled rune of Zot
 49077 | Shoals:4 | Reached XP level 18. HP: 77/77 MP: 26/33
 49376 | Shoals:4 | Reached skill level 10 in Summonings
 50256 | Vaults:1 | Entered Level 1 of the Vaults
 52831 | Vaults:2 | HP: 3/77 [vault warden/halberd of protection (33)]
 52833 | Vaults:2 | FUCK THIS RACE
 54367 | Vaults:2 | Noticed Sojobo
 54368 | Vaults:2 | OH NOES
 54380 | Vaults:2 | Killed from afar by Sojobo
 54381 | Vaults:2 | Reached XP level 17. HP: 0/73 MP: 13/41
 54381 | Vaults:2 | FUCK. FELIDS.
 54413 | Vaults:2 | Hit by a large rock thrown by a stone giant
 54414 | Vaults:2 | Reached XP level 16. HP: 0/70 MP: 34/40
 54606 | Vaults:2 | Killed from afar by Sojobo

Skill      XL: |  1  2  3  4  5  6  7  8  9 10 11 12 13 14 15 16 17 18 |
---------------+-------------------------------------------------------+-----
Stealth        | 3 4 5 6 8 10 11 13 14 | 14.0
Ice Magic      | 3 4 5 6 8 |  8.0
Dodging        | 3 4 5 7 9 10 11 12 14 | 14.0
Fighting       | 1 2 3 4 5 7 8 |  8.0
Spellcasting   | 3 5 7 8 9 10 | 10.0
Unarmed Combat | 1 2 4 6 7 8 |  8.0
Summonings     | 4 3 9 14 | 14.6
Evocations     | 2 5 6 |  6.0
Necromancy     | 2 3 5 9 10 13 14 | 14.0
Conjurations   | 2 3 4 |  4.0
Charms         | 2 4 |  4.0
Earth Magic    | 1 4 7 8 12 14 | 14.0

Action                   |  1- 3 |  4- 6 |  7- 9 | 10-12 | 13-15 | 16-18 || total
-------------------------+-------+-------+-------+-------+-------+-------++-------
Melee: Unarmed           |     7 |    23 |   224 |   421 |   547 |   229 ||  1451
       Bite              |       |     3 |    22 |    41 |    53 |    20 ||   139
       Punch             |       |       |     2 |    14 |    21 |    13 ||    50
 Cast: Freeze            |    37 |    89 |   190 |    55 |     7 |     4 ||   382
       Throw Frost       |       |    31 |    61 |    29 |    43 |    77 ||   241
       Ozocubu's Armour  |       |     2 |    16 |    39 |    30 |     6 ||    93
       Summon Ice Beast  |       |       |    38 |   243 |    96 |    52 ||   429
       Flame Tongue      |       |       |       |    23 |     3 |       ||    26
       Vampiric Draining |       |       |       |    13 |    24 |     1 ||    38
       Animate Dead      |       |       |       |       |    21 |    78 ||    99
       Borgnjor's Vile C |       |       |       |       |   123 |   264 ||   387
       Call Canine Famil |       |       |       |       |     2 |       ||     2
       Lee's Rapid Decon |       |       |       |       |       |   123 ||   123
       Dispel Undead     |       |       |       |       |       |     8 ||     8
Invok: Receive Corpses   |       |       |       |       |     1 |    54 ||    55
       Receive Necronomi |       |       |       |       |     1 |       ||     1
Evoke: Wand              |       |       |       |     5 |    35 |    85 ||   125
       Lamp of fire      |       |       |       |       |       |     1 ||     1
  Use: Scroll            |       |       |    17 |     9 |     5 |    12 ||    43
       Potion            |       |       |     3 |     7 |     4 |    11 ||    25
 Stab: Sleeping          |     2 |     8 |    13 |    22 |    24 |    35 ||   104
       Distracted        |       |       |     3 |     5 |     5 |     6 ||    19
       Paralysed         |       |       |       |     1 |     3 |       ||     4
       Confused          |       |       |       |       |     2 |       ||     2
       Invisible         |       |       |       |       |       |     3 ||     3
  Eat: Chunk             |     8 |    10 |    33 |    43 |    52 |    87 ||   233
       Ration            |       |       |       |       |       |    18 ||    18
Armor: Skin              |       |     2 |    28 |    41 |    50 |    13 ||   134
Dodge: Dodged            |    19 |    83 |   364 |   706 |   703 |   547 ||  2422
